 Dungeon Crawl Stone Soup version 0.21.1-1-g345015f (webtiles) character file.

47 wotfoxis the Caller (level 3, -5/19 HPs)
             Began as a Deep Elf Summoner on Feb 19, 2018.
             Killed by divine providence
             ... invoked by an orc priest
              (13 damage)
             ... on level 3 of the Dungeon.
             The game lasted 00:14:52 (1200 turns).

wotfoxis the Caller (Deep Elf Summoner)             Turns: 1200, Time: 00:14:53

Health: -5/19      AC:  5    Str:  5    XL:     3   Next: 48%
Magic:  4/10       EV: 13    Int: 20    God:
Gold:   114        SH:  0    Dex: 15    Spells: 7/10 levels left

rFire    . . .     SeeInvis .   q - +2 dagger (venom)
rCold    . . .     Gourm    .   (no shield)
rNeg     . . .     Faith    .   a - +0 robe
rPois    .         Spirit   .   (no helmet)
rElec    .         Reflect  .   l - +0 cloak
rCorr    .         Harm     .   h - +0 pair of gloves
MR       .....                  p - +0 pair of boots (curse)
Stlth    ++........             (no amulet)
HPRegen  0.06/turn              (no ring)
MPRegen  0.12/turn              (no ring)

@: no status effects
A: no striking features
a: no special abilities


You were on level 3 of the Dungeon.
You were not hungry.

You visited 1 branch of the dungeon, and saw 3 of its levels.

You collected 114 gold pieces.

Inventory:

Hand Weapons
 q - a +2 dagger of venom (weapon)
Armour
 a - a +0 robe (worn)
 h - a +0 pair of gloves (worn)
 l - a +0 cloak (worn)
 p - a cursed +0 pair of boots (worn)
Scrolls
 d - a scroll of immolation {unknown}
 e - 2 scrolls of enchant armour {unknown}
 f - a scroll of blinking {unknown}
 g - 2 scrolls of teleportation {unknown}
 j - 3 scrolls of identify {unknown}
 m - a scroll of magic mapping {unknown}
Potions
 k - a potion of might {unknown}
 n - 2 potions of flight {unknown}
 o - a potion of curing {unknown}
Books
 b - a book of Callings

   Spells                             Type                      Level
   a - Summon Small Mammal            Summoning                    1
   b - Call Imp                       Summoning                    2
   c - Call Canine Familiar           Summoning                    3
   d - Summon Guardian Golem          Hexes/Summoning              3
   e - Summon Lightning Spire         Summoning/Air                4
   f - Summon Ice Beast               Ice/Summoning                4
Comestibles
 c - 4 rations


   Skills:
 + Level 0.1 Short Blades
 + Level 2.5 Dodging
 + Level 2.4 Stealth
 + Level 4.2 Spellcasting
 + Level 5.1 Summonings


You had 7 spell levels left.
You knew the following spells:

 Your Spells              Type           Power        Failure   Level  Hunger
a - Summon Small Mammal   Summ           ###.         1%          1    None
b - Call Imp              Summ           ###.....     2%          2    #......


Dungeon Overview and Level Annotations

Branches:
Dungeon (3/15)

Altars:
Trog


Message History

The orc priest is poisoned.
The orc priest mumbles some strange prayers to Beogh against you.
Beogh smites you!
Ouch! That really hurt!
Your quokka bites the rat.
The rat dies!
You swap places.
Your quokka misses the orc priest. The orc priest misses your quokka.
Your quokka bites the orc priest.
You swap places.
The orc priest closely misses your quokka.
Your quokka bites the orc priest.
The orc priest hits your quokka but does no damage.
Your quokka barely misses the orc priest.
You see here a rat corpse.
The orc priest looks more healthy.
Your quokka closely misses the orc priest.
The orc priest calls down the wrath of Beogh upon you.
Beogh smites you!
Ouch! That really hurt!
You die...

#.#....... .o.......
#........ #. #....
#.# #..# ##♣#####.
#..##..#######≈≈♣P...
###.#.....oorrr.♣≈P#
..........####.†≈♣#
####...#...# ###@P#
#..####...# #### #..#
#.... #..# ##... #..#
##. #..# #..#
####..### #.......#


You could see an orc priest, 2 friendly quokkas and a friendly rat.

Vanquished Creatures
  A goblin (D:3)
  2 frilled lizards
  A rat (D:2)
4 creatures vanquished.

Vanquished Creatures (collateral kills)
  An adder (D:1)
  An ooze (D:2)
  2 dart slugs
  A leopard gecko (D:1)
  2 ball pythons
  4 giant cockroaches
  4 goblins
  6 hobgoblins (D:1)
  6 jackals (D:1)
  5 kobolds
  7 bats
  2 frilled lizards
  A leopard gecko skeleton (D:2)
  8 rats
50 creatures vanquished.

Grand Total: 54 creatures vanquished

Notes
Turn   | Place    | Note
-------+----------+-------------------------------------------
     0 | D:1      | wotfoxis the Deep Elf Summoner began the quest for the Orb.
     0 | D:1      | Reached XP level 1. HP: 10/10 MP: 6/6
    93 | D:1      | Reached XP level 2. HP: 7/15 MP: 2/8
   693 | D:1      | Learned a level 2 spell: Call Imp
   714 | D:2      | Reached XP level 3. HP: 13/19 MP: 7/10
   823 | D:2      | Reached skill level 5 in Summonings
   858 | D:2      | Found a bloodstained altar of Trog.
  1200 | D:3      | Killed from afar by an orc priest

Skill      XL: |  1  2  3 |
---------------+----------+-----
Spellcasting   | 4 |  4.2
Summonings     | 5 |  5.1
Short Blades   | |  0.1
Dodging        | |  2.5
Stealth        | |  2.4

Action                   || total
-------------------------++-------
Melee: Unarmed           ||     1
       Dagger            ||    20
 Cast: Summon Small Mamm ||   103
       Call Imp          ||     1
 Stab: Sleeping          ||     1
  Eat: Chunk             ||     1
Armor: Robe              ||    36
Dodge: Dodged            ||    71
